 Dungeon Crawl Stone Soup version 0.28.0-1-gb440e238dd (webtiles) character file.

Game seed: 16350506614289752583

24 pkoi the Skirmisher (level 2, 0/24 (26) HPs)
             Began as a Draconian Monk on Feb 22, 2022.
             Slain by Robin (6 damage)
             ... on level 2 of the Dungeon.
             The game lasted 00:00:27 (172 turns).

pkoi the Skirmisher (Draconian Monk)                 Turns: 172, Time: 00:00:27

HP:   0/24 (26)     AC:  4    Str: 13    XL:     2   Next: 79%
MP:   2/2           EV: 12    Int: 10    God:
Gold: 0             SH:  0    Dex: 13    Spells: 1/1 levels left

rFire   + . .      SeeInvis .   b - +0 hand axe
rCold   . . .      Faith    .   (no shield)
rNeg    . . .      Spirit   .   (armour unavailable)
rPois   .          Reflect  .   (helmet restricted)
rElec   .          Harm     .   (no cloak)
rCorr   .          Rampage  .   (no gloves)
Will    .....                   (no boots)
Stlth   ++........              (no amulet)
HPRegen 0.08/turn               a - ring of protection from fire
MPRegen 0.08/turn               (no ring)

@: drained
A: AC +4, unfitting armour, cold-blooded
a: no special abilities


You were on level 2 of the Dungeon.
You visited 1 branch of the dungeon, and saw 2 of its levels.

Inventory:

Hand Weapons
 b - a +0 hand axe (weapon)
Jewellery
 a - a ring of protection from fire (left hand)


   Skills:
 + Level 3.6 Fighting
 + Level 3.0 Dodging
 - Level 1.7 Stealth
 + Level 3.5 Unarmed Combat


You had one spell level left.
You didn't know any spells.
Your spell library was empty.

Dungeon Overview and Level Annotations

Branches:
Dungeon (1/15)

Altars:

Shops:
D:2 ?

Annotations:
D:2 Robin


Innate Abilities, Weirdness & Mutations

Your plain brown scales are hard. (AC +4)
You cannot fit into any form of body armour.
You are cold-blooded and may be slowed by cold attacks.


Message History

You kill the goblin!
Robin throws the goblin at you!
You hit the hobgoblin.
You kill the hobgoblin!
You hit the goblin.
A hobgoblin comes into view.
The goblin barely misses you. Robin barely misses you.
Your Dodging skill increases to level 3!
An endoplasm comes into view.
Robin roars a battlecry!
The goblins go into a battle-frenzy!
The endoplasm quivers.
There is an open door here.
Items here: ( ))))) ††††.
Robin hits you with a +0 spear.
* * * LOW HITPOINT WARNING * * *
Unknown command.
You hit the goblin but do no damage.
The goblin is severely wounded.
You hit Robin. Robin hits you but does no damage. The goblin barely misses you.
You hit the goblin.
You kill the goblin!
You barely miss Robin. Robin hits you with a +0 spear.
* * * LOW HITPOINT WARNING * * *
You barely miss Robin.
Robin is lightly wounded.
The jackal misses you. Robin closely misses you.
You hit Robin.
Robin is lightly wounded.
You hit the jackal. The jackal closely misses you.
Robin hits you with a +0 spear.
* * * LOW HITPOINT WARNING * * *
The jackal bites you but does no damage.
Unknown command.
You hit Robin. You tail-slap Robin, but do no damage.
Robin is heavily wounded.
You closely miss the jackal. The jackal bites you.
* * * LOW HITPOINT WARNING * * *
Robin hits you with a +0 spear.
You die...

..#.. #.# .
#....## #.#
>.#.....# # #.#
#.......###. #.#
#..!.w. ..### #.#
#...Jg## ...## #.#
#gg# #..# ###.#
##h####≈≈####..)##
#@g..∩..<..'.#..#
######''#######.#
#..# #.# #.## #.#
#.# #.# #.# #.#
#.# #.# #.# #.#
#.#


You could see a worm, Robin, an endoplasm, a jackal, 2 hobgoblins and a goblin
(strong).

Vanquished Creatures
  A ball python (D:1)
  6 goblins (D:2)
  2 hobgoblins (D:2)
  6 jackals (D:2)
  A quokka (D:1)
  2 bats
18 creatures vanquished.

Notes
Turn   | Place    | Note
-------+----------+-------------------------------------------
     0 | D:1      | pkoi the Draconian Monk began the quest for the Orb.
     0 | D:1      | Reached XP level 1. HP: 19/19 MP: 1/1
    80 | D:1      | You fall into a shaft and drop 1 floor!
   118 | D:2      | Found Dugapnoi's Magic Scroll Shop.
   144 | D:2      | Reached XP level 2. HP: 25/26 MP: 2/2
   155 | D:2      | Identified the +3 helmet "Puninum" {Harm Will+ Int-3}
   155 | D:2      | Noticed Robin
   172 | D:2      | Slain by Robin

Illustrated notes

Levels and vault maps discovered:
D:1:      scummos_arrival_hexagon, layout_basic, shapermc_ecumenical_altar_gd
D:2:      layout_loops_ring, serial_shops, nicolae_shop_hallway_stairs,
          basic_altar, chequers_serial_rivers_small_b, grunt_ministairs_5,
          minmay_tetromino_i4, uniq_robin, uniq_crazy_yiuf_cottage

Skill      XL: |  1  2 |
---------------+-------+-----
Dodging        | 3 |  3.0
Fighting       | |  3.6
Stealth        | |  1.7
Unarmed Combat | |  3.5

Action                   || total
-------------------------++-------
Melee: Unarmed           ||     8
       Hand axe          ||    32
       Tailslap          ||     5
Armor: Skin              ||    13
Dodge: Dodged            ||    36
